 Dungeon Crawl Stone Soup version 0.22.1-2-g9c5b331 (console) character file.

140 utis the Magician (level 5, -1/42 HPs)
             Began as a Deep Elf Wizard on Nov 17, 2018.
             Slain by a worker ant (3 damage)
             ... on level 4 of the Dungeon.
             The game lasted 00:14:24 (4237 turns).

utis the Magician (Deep Elf Wizard)                 Turns: 4237, Time: 00:14:25

Health: -1/42      AC: 22    Str:  5    XL:     5   Next: 2%
Magic:  8/15       EV:  2    Int: 23    God:
Gold:   173        SH:  0    Dex: 13    Spells: 3/16 levels left

rFire    + . .     SeeInvis .   a - +0 mace (drain)
rCold    + . .     Gourm    .   (no shield)
rNeg     + + +     Faith    .   (armour currently unavailable)
rPois    +         Spirit   .   (helmet currently unavailable)
rElec    +         Reflect  .   (cloak currently unavailable)
rCorr    +         Harm     .   (gloves currently unavailable)
MR       .....     NoTele   +   (boots currently unavailable)
Stlth    ++........             (no amulet)
HPRegen  0.14/turn              (no ring)
MPRegen  0.14/turn              (no ring)

@: lethally poisoned (-1 -> -2), tree-form, resistant, very slightly
contaminated
A: no striking features
a: no special abilities


You were on level 4 of the Dungeon.
You were hungry.
You were a tree.
You visited 1 branch of the dungeon, and saw 4 of its levels.

You collected 173 gold pieces.

Inventory:

Hand Weapons
 a - a +0 mace of draining (weapon)
 j - a +0 dagger
Missiles
 f - 39 bolts
 g - 126 stones (quivered)
 p - 57 arrows
 r - 13 sling bullets
Armour
 b - a +0 hat (melded)
 h - a +0 scale mail
 i - a +0 pair of boots (melded)
 l - a +0 leather armour (melded)
 q - a +0 ring mail
 t - a +2 ring mail of fire resistance
 x - a +0 robe
Wands
 c - a wand of digging (9)
Scrolls
 n - a scroll of identify {@r1}
 o - a scroll of remove curse {unknown}
 s - a scroll of fog {unknown}
 u - 2 scrolls of teleportation {@r4}
 v - a scroll of magic mapping {unknown}
Potions
 k - a potion of agility
 m - a potion of mutation {!q}
 z - a potion of resistance
Comestibles
 d - 7 rations


   Skills:
 + Level 0.0 Fighting
 + Level 0.0 Maces & Flails
 + Level 2.4 Dodging
 - Level 2.4 Stealth
 - Level 6.0 Spellcasting
 - Level 3.4 Conjurations
 - Level 1.1 Summonings
 - Level 1.1 Translocations
 - Level 2.0 Fire Magic


You had 3 spell levels left.
You knew the following spells:

 Your Spells              Type           Power        Failure   Level  Hunger
a - Magic Dart            Conj           ###.         1%          1    None
d - Mephitic Cloud        Conj/Pois/Air  ##......     16%         3    #......
o - Conjure Flame         Conj/Fire      ###.....     9%          3    #......
p - Call Imp              Summ           ##......     9%          2    None
v - Blink                 Tloc           N/A          9%          2    None
w - Slow                  Hex            #.......     13%         2    None

Your spell library contained the following spells:

 Spells                   Type           Power        Failure   Level  Hunger


Dungeon Overview and Level Annotations

Branches:
Dungeon (4/15)
 Temple: D:4-7

Altars:
Wu Jian

Annotations:
D:3 Grinder


Message History

A worker ant is nearby!
The worker ant bites your crimson imp but does no damage.
Your crimson imp blinks!
* * * LOW HITPOINT WARNING * * *
You feel sick.
* * * LOW HITPOINT WARNING * * *
You feel sick.
The worker ant bites you but does no damage.
You cannot teleport because you are held in place by your roots.
Unknown command.
The worker ant completely misses you.
Your crimson imp blinks!
The worker ant barely misses you.
The worker ant bites you but does no damage.
* * * LOW HITPOINT WARNING * * *
You feel sick.
The worker ant bites you but does no damage.
Your crimson imp closely misses the worker ant.
The worker ant bites you.
You die...

░░.░.......
............ . ░.░
░░.░░░░░░░░... ░.░
░.░ ░.░.░.░ ░ ░.░
░...░.░ ░.. ░.░
░..░.░░░.. ░░.░
....... .░.░ ░...▒
.░.░ ░[♣.▒ .░.░
░5a▒▒
.░.░░░░░░░░░░....▒
.............░...▒
.....░░░░░░░.░[.▒▒
....░░ ░░. ░░.░░
░. ░.░ ░. ░.░


You could see a worker ant and a friendly crimson imp.

Vanquished Creatures
  A hound (D:4)
  An ooze (D:1)
  A leopard gecko (D:2)
  4 orcs (D:4)
  2 giant cockroaches (D:2)
  4 goblins
  6 hobgoblins
  3 jackals (D:1)
  4 kobolds
  2 quokkas (D:3)
  A ball python (D:2)
  A bat (D:1)
  2 frilled lizards
  3 rats
  4 toadstools (D:1)
39 creatures vanquished.

Vanquished Creatures (collateral kills)
  An orc wizard (D:4)
  A worker ant (D:4)
  3 adders
  A worm (D:3)
  5 orcs (D:4)
  3 jackals
14 creatures vanquished.

Grand Total: 53 creatures vanquished

Notes
Turn   | Place    | Note
-------+----------+-------------------------------------------
     0 | D:1      | utis the Deep Elf Wizard began the quest for the Orb.
     0 | D:1      | Reached XP level 1. HP: 10/10 MP: 7/7
   626 | D:1      | Reached XP level 2. HP: 15/15 MP: 7/9
   650 | D:1      | Learned a level 2 spell: Call Imp
   653 | D:1      | Learned a level 2 spell: Blink
   800 | D:1      | Reached skill level 5 in Spellcasting
  1374 | D:2      | Reached XP level 3. HP: 12/19 MP: 4/11
  1494 | D:2      | Learned a level 3 spell: Conjure Flame
  1498 | D:2      | Learned a level 3 spell: Mephitic Cloud
  2634 | D:3      | Found an ornate altar of the Wu Jian Council.
  2875 | D:3      | Noticed Grinder
  2879 | D:3      | Paralysed by Grinder for 6 turns
  2887 | D:3      | Paralysed by Grinder for 7 turns
  3227 | D:4      | Reached skill level 1 in Fire Magic
  3227 | D:4      | Reached XP level 4. HP: 24/24 MP: 7/13
  3235 | D:4      | Learned a level 2 spell: Slow
  3813 | D:4      | Reached skill level 6 in Spellcasting
  4104 | D:4      | Reached XP level 5. HP: 28/28 MP: 8/15
  4232 | D:4      | HP: 2/42 [poisoned by a worker ant]
  4237 | D:4      | Slain by a worker ant

Skill      XL: |  1  2  3  4 |
---------------+-------------+-----
Conjurations   | 2 3 |  3.4
Spellcasting   | 5 6 |  6.0
Fire Magic     | 1 2 |  2.0
Dodging        | |  2.4
Stealth        | |  2.4
Summonings     | |  1.1
Translocations | |  1.1

Action                   |  1- 3 |  4- 6 || total
-------------------------+-------+-------++-------
Melee: Unarmed           |    20 |       ||    20
       Dagger            |    10 |       ||    10
       Mace              |       |    21 ||    21
Throw: Stone             |     1 |       ||     1
 Cast: Magic Dart        |    83 |    23 ||   106
       Call Imp          |    18 |    11 ||    29
  Use: Scroll            |     3 |     1 ||     4
       Potion            |       |     3 ||     3
  Eat: Chunk             |     3 |     3 ||     6
       Ration            |     1 |       ||     1
Armor: Robe              |     3 |       ||     3
       Leather armour    |     5 |    12 ||    17
       Skin              |       |     3 ||     3
Dodge: Dodged            |    19 |    24 ||    43
